 Dungeon Crawl Stone Soup version 0.30-a0-339-g89bb51ec76 (webtiles) character file.

Game seed: 4252254664400318560

0 hadoken the Cudgeller (level 1, 0/17 HPs)
             Began as a Meteoran Reaver on Oct 31, 2022.
             Slain by an endoplasm (2 damage)
             ... on level 1 of the Dungeon.
             The game lasted 00:00:18 (50 turns).

hadoken the Cudgeller (Meteoran Reaver)               Turns: 50, Time: 00:00:18

Health: 0/17       AC:  3    Str: 13    XL:     1   Next: 14%
Magic:  5/5        EV: 12    Int: 14    God:
Gold:   0          SH:  0    Dex: 12    Spells: 4/5 levels left

rFire   . . .      SeeInvis .    a - +0 mace
rCold   . . .      Faith    .    (no shield)
rNeg    . . .      Spirit   .    b - +0 leather armour
rPois   .          Reflect  .    (no helmet)
rElec   .          Harm     .    (no cloak)
rCorr   .          Rampage  .    (no gloves)
Will    .....                    (no boots)
Stlth   +.........               (no amulet)
HPRegen 0.22/turn                (no ring)
MPRegen 0.09/turn                (no ring)

@: glowing
A: sense surroundings 1, otherworldly, glowing, explore regen
a: no special abilities


You were on level 1 of the Dungeon.
You visited 1 branch of the dungeon, and saw 1 of its levels.

Inventory:

Hand Weapons
 a - a +0 mace (weapon)
Armour
 b - a +0 leather armour (worn)


   Skills:
 + Level 2.1 Fighting
 + Level 4.0 Maces & Flails
 + Level 2.4 Dodging
 + Level 2.6 Spellcasting
 + Level 3.7 Conjurations


You had 4 spell levels left.
You knew the following spells:

 Your Spells              Type           Power      Damage    Failure   Level
a - Kiss of Death         Conj/Necr      28%        2d7       13%         1

Your spell library contained the following spells:

 Spells                   Type           Power      Damage    Failure   Level
 Momentum Strike          Conj/Tloc      14%        3d8       21%         2
 Hailstorm                Conj/Ice       7%         3d4       36%         3


Dungeon Overview and Level Annotations

Branches:
Dungeon (1/15) Zot: 547

Altars:


Innate Abilities, Weirdness & Mutations

You passively map a small area around you.
You are easily found by Zot.
You glow in the dark.
You regain HP and MP as you explore.


Message History

The endoplasm hits you but does no damage.
The endoplasm attacks as you move away! The endoplasm hits you.
The kobold hits you with a +0 whip.
You hit the kobold.
The kobold is severely wounded.
The kobold hits you but does no damage. The endoplasm freezes you.
You are frozen.
You hit the kobold but do no damage.
The kobold is severely wounded.
The endoplasm freezes you.
You are frozen.
The kobold hits you with a +0 whip.
* * * LOW HITPOINT WARNING * * *
You barely miss the kobold.
The kobold is severely wounded.
The kobold hits you but does no damage. The endoplasm hits you.
* * * LOW HITPOINT WARNING * * *
You miss the kobold.
The kobold is severely wounded.
The endoplasm hits you but does no damage.
The kobold hits you but does no damage.
You hit the kobold.
You kill the kobold!
The endoplasm barely misses you. The endoplasm freezes you.
You are frozen.
* * * LOW HITPOINT WARNING * * *
The endoplasm hits you but does no damage.
Things that are here:
a +0 whip; a kobold corpse The endoplasm attacks as you move away!
The endoplasm hits you.
* * * LOW HITPOINT WARNING * * *
You hit the endoplasm.
The endoplasm is heavily wounded.
The endoplasm hits you.
* * * LOW HITPOINT WARNING * * *
You barely miss the endoplasm.
The endoplasm is heavily wounded.
The endoplasm hits you.
You die...

, .......... ,..###
............. * .....
.............. , .....##*
*.............. ,
........###..............
.........................
* ,*
................#####..##
,, , ................
##.## * ........@.......
##.##. ,
#.......J...####* ##.##..
, , ........)...#
##.##... ............#
##.##....
.....#...########.##.....
.....#...'.......##.....#
.........#########.....##
, , ,
..................8..## ,
.................<...##


You could see an endoplasm.

Vanquished Creatures
  A kobold (D:1)
1 creature vanquished.

Notes
Turn   | Place    | Note
-------+----------+-------------------------------------------
     0 | D:1      | hadoken the Meteoran Reaver began the quest for the Orb.
     0 | D:1      | Reached XP level 1. HP: 17/17 MP: 5/5
    50 | D:1      | Slain by an endoplasm

Illustrated notes

Levels and vault maps discovered:
D:1:      psy_arrival_spokes, layout_basic, serial_shops, nicolae_diamond_shop,
          minmay_tromino_v2

Action                   || total
-------------------------++-------
Melee: Mace              ||     7
Armor: Leather armour    ||     6
Dodge: Dodged            ||     1

Table legend: (Time is in decaauts)
 A = Elapsed time spent in this place.
 B = Non-inter-level travel time spent in this place.
 C = Inter-level travel time spent in this place.
 D = Time resting spent in this place.
 E = Time spent auto-exploring this place.
 F = Levels seen in this place.
 G = Mean time per level.
                   A        B        C        D        E       F      G
               +--------+--------+--------+--------+--------+-----+--------+
         Total |     51 |     51 |      0 |      0 |     36 |   1 |   51.0 |
       Dungeon |     51 |     51 |      0 |      0 |     36 |   1 |   51.0 |
               +--------+--------+--------+--------+--------+-----+--------+

Top non-repeatable levels by time:
     D:1: 51 daAuts
